[Event "Titled Tuesday Blitz December 13 Late 2022"]
[White "Winterberg, Lukas"]
[Black "Gritsenko, Nikolai"]
[WhiteFideId "24622702"]
[BlackFideId "14112493"]
[WhiteElo "2350"]
[BlackElo "2389"]
[Result "1-0"]
[Round "10"]
[TimeControl "180+1"]
[Date "2022.12.13"]
[WhiteClock "0:00:52"]
[BlackClock "0:00:03"]

1. b3 d5 2. Bb2 Bf5 3. g3 e6 4. Bg2 Nf6 5. Nf3 h6 6. O-O c6 7. d3 Be7 8. Nbd2 O-O 9. Qe1 a5 10. e4 Bh7 11. Qe2 a4 12. h3 Na6 13. a3 axb3 14. cxb3 Nc5 15. b4 Na4 16. Bd4 Nd7 17. Nb3 Bf6 18. Rfe1 Re8 19. Rac1 Bxd4 20. Nfxd4 e5 21. Nc2 d4 22. f4 f6 23. h4 Kh8 24. Bh3 Bg8 25. Bxd7 Qxd7 26. Nc5 Qe7 27. Nxa4 Rxa4 28. Rb1 Rea8 29. Rf1 Be6 30. fxe5 fxe5 31. Qh5 Bg8 32. Rf5 Re8 33. Rbf1 c5 34. bxc5 Ra6 35. Nb4 Rxa3 36. Nd5 Bxd5 37. exd5 Rxd3 38. d6 Qe6 39. Rf8+ Rxf8 40. Rxf8+ Kh7 41. Qf5+ Qxf5 42. Rxf5 Rd1+ 43. Kf2 e4 44. d7 e3+ 45. Ke2 Rd2+ 46. Ke1 Kg6 47. Re5 Kf6 48. Re8 Rh2 49. d8=Q+ Kf5 50. Qd5+ 1-0


[Site "https://www.chess.com"]

[Event "Titled Tuesday Blitz December 13 Late 2022"]
[White "Xiong, Jeffery"]
[Black "Rosen, Eric"]
[WhiteFideId "2047640"]
[BlackFideId "2032562"]
[WhiteElo "2726"]
[BlackElo "2362"]
[Result "1-0"]
[Round "10"]
[TimeControl "180+1"]
[Date "2022.12.13"]
[WhiteClock "0:00:19"]
[BlackClock "0:00:02"]

1. b4 e5 2. a3 a5 3. b5 d5 4. Bb2 Bd6 5. e3 Ne7 6. c4 c6 7. Nf3 f6 8. d4 e4 9. Nfd2 Nd7 10. Nc3 f5 11. g4 fxg4 12. Qxg4 Kf8 13. Rg1 Rg8 14. bxc6 bxc6 15. cxd5 cxd5 16. Nb5 Nf6 17. Qd1 Bxh2 18. Rg2 Bb8 19. a4 Be6 20. Ba3 Kf7 21. Nb3 Nf5 22. Nc5 Nh4 23. Nxe6 Kxe6 24. Rc1 Nf3+ 25. Ke2 Qe8 26. Rc7 Qh5 27. Re7+ Kf5 28. Qb1 Ra6 29. Bc5 Rc6 30. Rgxg7 Rxg7 31. Rxg7 Bh2 32. Bg2 Nh4+ 33. Kf1 Ng4 34. Bh3 Rg6 35. Rf7+ Ke6 36. Nc3 Kxf7 37. Qb7+ Kf6 38. Qe7+ Kf5 39. Nxd5 Rf6 40. Qxf6# 1-0


[Site "https://www.chess.com"]

[Event "Titled Tuesday Blitz December 13 Late 2022"]
[White "Yoo, Christopher Woojin"]
[Black "Van Dael, Siem"]
[WhiteFideId "30909694"]
[BlackFideId "1049771"]
[WhiteElo "2463"]
[BlackElo "2336"]
[Result "1-0"]
[Round "10"]
[TimeControl "180+1"]
[Date "2022.12.13"]
[WhiteClock "0:00:12"]
[BlackClock "0:00:05"]

1. e4 d5 2. Nc3 dxe4 3. Nxe4 Nf6 4. Nxf6+ exf6 5. d4 Bd6 6. Bd3 O-O 7. Ne2 Re8 8. Be3 Nd7 9. O-O Nf8 10. c4 c6 11. Qc2 Be6 12. Rad1 Rc8 13. c5 Bb8 14. Nc3 g6 15. Be4 f5 16. d5 cxd5 17. Bxd5 Qc7 18. g3 Rcd8 19. Qb3 f4 20. Bxf4 Qxc5 21. Bxb8 Rxb8 22. Ne4 Qe7 23. Qc3 Rec8 24. Nf6+ Kh8 25. Qd4 Qc5 26. Qf4 Qc7 27. Qg5 Qe7 28. Rfe1 Rd8 29. Qe5 Qd6 30. Qd4 Qb6 31. Qh4 Qxb2 32. Bxe6 fxe6 33. Rxd8 Rxd8 34. Nxh7 Qc2 35. Nxf8+ Kg8 36. Qxd8 1-0


[Site "https://www.chess.com"]

[Event "Titled Tuesday Blitz December 13 Late 2022"]
[White "Adel, Sara"]
[Black "Antonova, Nadezhda"]
[WhiteFideId "10616764"]
[BlackFideId "14700182"]
[WhiteElo "1997"]
[BlackElo "1814"]
[Result "1-0"]
[Round "11"]
[TimeControl "180+1"]
[Date "2022.12.14"]
[WhiteClock "0:02:13"]
[BlackClock "0:02:00"]

1. e4 c5 2. Nf3 d6 3. d4 cxd4 4. Nxd4 Nf6 5. Nc3 a6 6. Bc4 e6 7. Bb3 Be7 8. Be3 O-O 9. O-O Qc7 10. h3 Nc6 11. Qd2 b5 12. Rae1 b4 13. Nce2 Nxe4 14. Qd3 d5 15. Bc1 a5 16. Bf4 e5 17. Nxc6 Qxc6 18. Bxd5 Qa6 19. Qxe4 Rb8 20. Bxe5 Bd7 21. Bxb8 1-0


[Site "https://www.chess.com"]

[Event "Titled Tuesday Blitz December 13 Late 2022"]
[White "Andrews, Todd"]
[Black "Rosen, Eric"]
[WhiteFideId "2012456"]
[BlackFideId "2032562"]
[WhiteElo "2399"]
[BlackElo "2362"]
[Result "0-1"]
[Round "11"]
[TimeControl "180+1"]
[Date "2022.12.13"]
[WhiteClock "0:00:06"]
[BlackClock "0:00:05"]

1. e4 e5 2. Nf3 Nf6 3. d4 Nxe4 4. Bd3 Nc6 5. dxe5 d5 6. exd6 Nxd6 7. O-O Be7 8. Re1 O-O 9. h3 Bf5 10. Bf4 Bf6 11. Nc3 Bxc3 12. bxc3 Qf6 13. Bxd6 cxd6 14. Rb1 Rab8 15. Rb5 Bg6 16. Qd2 Rfc8 17. Rd5 Ne7 18. Rd4 Bxd3 19. Qxd3 Nf5 20. Rf4 g6 21. g4 Rxc3 22. Qd2 Rxf3 23. Rxf3 Qd4 24. Qxd4 Nxd4 25. Rd3 Nxc2 26. Rb1 b5 27. Rb2 Rc8 28. Rxd6 Kg7 29. Rxb5 Ne1 30. Rb7 Nf3+ 31. Kg2 Nh4+ 32. Kg3 g5 33. Rdd7 Rc3+ 34. Kh2 Rf3 35. Rd2 a5 36. Kg1 a4 37. Ra7 a3 38. Ra4 Rxh3 39. Rc2 Rd3 40. Ra6 h6 41. Kf1 Rf3 42. Ke2 Rf4 43. Ra7 Re4+ 44. Kd3 Rxg4 45. Rxa3 Rf4 46. Kc3 Nf5 47. Kb2 h5 48. Rb3 h4 49. a4 Rxa4 50. Ra3 Rf4 51. Rac3 Kg6 52. Rd2 f6 53. Rc6 Nd4 54. Rxd4 Rxd4 55. Rc8 Rf4 56. Rg8+ Kf7 57. Rh8 Rxf2+ 0-1


[Site "https://www.chess.com"]

[Event "Titled Tuesday Blitz December 13 Late 2022"]
[White "Annaberdiyev, Babageldi"]
[Black "Svane, Frederik"]
[WhiteFideId "14000385"]
[BlackFideId "12923044"]
[WhiteElo "2332"]
[BlackElo "2466"]
[Result "1/2-1/2"]
[Round "11"]
[TimeControl "180+1"]
[Date "2022.12.13"]
[WhiteClock "0:00:56"]
[BlackClock "0:00:25"]

1. e4 e5 2. Nf3 Nc6 3. Bc4 Nf6 4. d4 exd4 5. O-O Nxe4 6. Re1 d5 7. Bxd5 Qxd5 8. Nc3 Qh5 9. Nxe4 Be6 10. Bg5 Bd6 11. h4 h6 12. Nxd6+ cxd6 13. Bf4 Qd5 14. c4 Qc5 15. b4 Qxb4 16. Nxd4 Nxd4 17. Qxd4 O-O 18. Bxd6 Rfd8 19. Qxg7+ Kxg7 20. Bxb4 Bxc4 21. Re7 Bd5 22. Rae1 Rac8 23. a3 Rc4 24. f3 Rdc8 25. R1e5 Rd8 26. h5 Rc2 27. Re3 Bc6 28. Bc3+ Kf8 29. Bb4 Kg7 30. Bc3+ Kg8 31. Bf6 Rc8 32. Kh2 a5 33. Kg3 Rc5 34. R3e5 Rxe5 35. Rxe5 b5 36. Rc5 Kf8 37. Kf4 Bd7 38. Rxc8+ Bxc8 39. Bc3 b4 40. axb4 axb4 41. Bxb4+ Kg8 42. g4 Be6 43. Ke5 Kh7 44. Kf6 Bd5 45. f4 Bf3 46. Kf5 Bd1 47. Bf8 Bc2+ 48. Kf6 Bd1 49. Kf5 Bc2+ 50. Ke5 Bd1 51. g5 hxg5 52. fxg5 Bxh5 53. Kf6 Bg6 54. Be7 Kg8 55. Bd6 Kh7 56. Be5 Kg8 57. Bd6 Kh7 58. Be5 Kg8 59. Bd6 1/2-1/2


[Site "https://www.chess.com"]

[Event "Titled Tuesday Blitz December 13 Late 2022"]
[White "Arbunic Castro, Giovanna"]
[Black "Campelo, Leandro Fabricio"]
[WhiteFideId "3400549"]
[BlackFideId "2103346"]
[WhiteElo "1955"]
[BlackElo "2070"]
[Result "0-1"]
[Round "11"]
[TimeControl "180+1"]
[Date "2022.12.14"]
[WhiteClock "0:00:30"]
[BlackClock "0:01:12"]

1. e4 e6 2. d4 d5 3. exd5 exd5 4. Nf3 Nc6 5. c4 dxc4 6. Bxc4 Bb4+ 7. Nc3 Nf6 8. O-O O-O 9. h3 h6 10. Be3 Bf5 11. g4 Bg6 12. Ne5 Nxe5 13. dxe5 Bxc3 14. bxc3 Ne4 15. f4 Nxc3 16. Qxd8 Raxd8 17. f5 Bh7 18. e6 fxe6 19. Bxe6+ Kh8 20. Kg2 Nd5 21. Bxd5 Rxd5 22. Rad1 Rfd8 23. Rxd5 Rxd5 24. Rf2 Bg8 25. Rd2 Rxd2+ 26. Bxd2 Bxa2 27. Kf3 Kg8 28. Ke4 Kf7 29. Ke5 b6 30. h4 a5 31. g5 hxg5 32. Bxg5 Ke8 33. h5 Bb1 34. h6 gxh6 35. Bxh6 Kd7 36. Kf6 a4 37. Bc1 c5 38. Ba3 Kc6 39. Ke6 b5 40. f6 b4 41. Bc1 Bg6 42. f7 Bxf7+ 43. Kxf7 c4 44. Ke6 c3 45. Ke5 Kc5 46. Ke4 Kc4 47. Ke3 b3 48. Ba3 b2 0-1


[Site "https://www.chess.com"]

[Event "Titled Tuesday Blitz December 13 Late 2022"]
[White "Averjanov, Alexey"]
[Black "Shapiro, Daniel"]
[WhiteFideId "14109867"]
[BlackFideId "2001780"]
[WhiteElo "2594"]
[BlackElo "2349"]
[Result "1-0"]
[Round "11"]
[TimeControl "180+1"]
[Date "2022.12.14"]
[WhiteClock "0:01:37"]
[BlackClock "0:00:02"]

1. d4 Nf6 2. c4 e6 3. Nf3 d5 4. e3 Be7 5. Nbd2 O-O 6. Bd3 c5 7. dxc5 Bxc5 8. a3 a5 9. O-O Nc6 10. b3 e5 11. cxd5 Nxd5 12. Ne4 Be7 13. Bb2 Be6 14. Nxe5 Nxe5 15. Bxe5 a4 16. bxa4 Qa5 17. Bb5 Rfd8 18. Qh5 f6 19. Bb2 Bf7 20. Qg4 Kh8 21. Rad1 Nc7 22. Rd7 Be6 23. Rxd8+ Rxd8 24. Qh4 Nxb5 25. axb5 Qxb5 26. Nxf6 Qf5 27. e4 Qg6 28. e5 Rd2 29. Bc3 Rc2 30. Ba1 Rc8 31. Rd1 h6 32. h3 gxf6 33. exf6 Bf8 34. f7+ Kh7 35. Rd8 Rxd8 36. Qxd8 Qxf7 37. Qd3+ Bf5 38. Qg3 Bc5 39. Be5 Be6 40. Bf4 Bf5 41. a4 Bd7 42. a5 Bc6 43. Kh2 Bd4 44. Qd3+ 1-0


[Site "https://www.chess.com"]

[Event "Titled Tuesday Blitz December 13 Late 2022"]
[White "Ballester Llagaria, Luis Eduardo"]
[Black "Moral Garcia, Serafin"]
[WhiteFideId "2297620"]
[BlackFideId "2201925"]
[WhiteElo "2344"]
[BlackElo "2259"]
[Result "1-0"]
[Round "11"]
[TimeControl "180+1"]
[Date "2022.12.13"]
[WhiteClock "0:01:44"]
[BlackClock "0:02:04"]

1. e4 e5 2. Nf3 Nc6 3. Bc4 Bc5 4. O-O Nf6 5. d4 Bxd4 6. Nxd4 Nxd4 7. f4 d6 8. fxe5 dxe5 9. Bg5 Be6 10. Na3 Qe7 11. Kh1 O-O-O 12. c3 Bxc4 13. Nxc4 Ne6 14. Bxf6 gxf6 15. Qf3 Nf4 16. g3 Rd3 17. Qf2 Ng6 18. Qxa7 c6 19. Rad1 Rhd8 20. Nb6+ Kc7 21. Nd5+ R8xd5 22. exd5 Rxd5 23. Rxd5 cxd5 24. Qa5+ Kc6 25. b4 b6 26. Qa8+ Kd6 27. Rd1 d4 28. cxd4 e4 29. Rc1 Ke6 30. Qxe4+ 1-0


[Site "https://www.chess.com"]

[Event "Titled Tuesday Blitz December 13 Late 2022"]
[White "Bortnyk, Olexandr"]
[Black "Pakleza, Zbigniew"]
[WhiteFideId "14120828"]
[BlackFideId "1119290"]
[WhiteElo "2723"]
[BlackElo "2410"]
[Result "1-0"]
[Round "11"]
[TimeControl "180+1"]
[Date "2022.12.13"]
[WhiteClock "0:01:44"]
[BlackClock "0:00:40"]

1. e4 d6 2. d4 Nf6 3. Nc3 c6 4. g3 b5 5. Bg2 e5 6. dxe5 dxe5 7. Qxd8+ Kxd8 8. f4 Nbd7 9. Nf3 Bc5 10. fxe5 Ng4 11. Bg5+ Kc7 12. Bf4 Kb6 13. a4 b4 14. a5+ Kb7 15. a6+ Kb6 16. Na4+ Kc7 17. e6+ Bd6 18. Bxd6+ Kxd6 19. exd7 Kxd7 20. Bh3 Kc7 21. Bxg4 Bxg4 22. Ne5 Be6 23. O-O-O 1-0


[Site "https://www.chess.com"]

[Event "Titled Tuesday Blitz December 13 Late 2022"]
[White "Crevatin, Leo"]
[Black "Rorrer, Grayson"]
[WhiteFideId "1726307"]
[BlackFideId "30944996"]
[WhiteElo "2190"]
[BlackElo "2200"]
[Result "0-1"]
[Round "11"]
[TimeControl "180+1"]
[Date "2022.12.13"]
[WhiteClock "0:00:11"]
[BlackClock "0:00:44"]

1. d4 Nf6 2. Bf4 g6 3. e3 Bg7 4. Nf3 d6 5. h3 c5 6. Nbd2 Nc6 7. c3 O-O 8. Be2 Qe8 9. Bh2 a6 10. O-O cxd4 11. exd4 Qd8 12. a4 b6 13. Re1 Bb7 14. Nc4 b5 15. axb5 axb5 16. Ne3 Qb6 17. Qb3 b4 18. Nc4 Qc7 19. cxb4 Nd5 20. Rxa8 Rxa8 21. Nxd6 exd6 22. Qxd5 Nxd4 23. Qxd6 Nxe2+ 24. Rxe2 Qc1+ 25. Re1 Qxb2 26. Be5 Bxe5 27. Nxe5 Qc3 28. Re3 Qc1+ 29. Kh2 Qf1 30. Nc6 Qxf2 31. Re7 Bxc6 32. Qxc6 Qf4+ 33. g3 Ra2+ 0-1


[Site "https://www.chess.com"]

[Event "Titled Tuesday Blitz December 13 Late 2022"]
[White "De Souza, Cristiano Gomes"]
[Black "Prieto Aranguren, Alain"]
[WhiteFideId "2151758"]
[BlackFideId "2268906"]
[WhiteElo "2068"]
[BlackElo "2209"]
[Result "0-1"]
[Round "11"]
[TimeControl "180+1"]
[Date "2022.12.14"]
[WhiteClock "0:00:20"]
[BlackClock "0:01:18"]

1. d4 a6 2. e4 c6 3. Nf3 e6 4. Nc3 b5 5. a3 d5 6. Bd3 Nf6 7. O-O Be7 8. Re1 O-O 9. e5 Nfd7 10. Bf4 c5 11. dxc5 Nxc5 12. Bf1 Nc6 13. Nd4 Nxd4 14. Qxd4 Bb7 15. Rad1 Rc8 16. g3 Qc7 17. Bg2 Nd7 18. Qd2 Nb6 19. Bf1 Nc4 20. Bxc4 Qxc4 21. Qd3 Bxa3 22. Qxc4 Rxc4 23. Nxb5 axb5 24. bxa3 Rxc2 25. Rb1 Ba6 26. Rb4 Rfc8 27. a4 bxa4 28. Rxa4 Bd3 29. Be3 Be4 30. Rea1 h5 31. h4 Kh7 32. Ra8 Rxa8 33. Rxa8 Rb2 34. Ra1 Kg6 35. Kh2 Kf5 36. Kh3 Kxe5 37. g4 d4 38. Ra5+ Bd5 39. Bc1 hxg4+ 40. Kxg4 Rxf2 41. Ra7 f5+ 42. Kh3 Rg2 43. Bg5 d3 44. Ra1 Kd4 0-1


[Site "https://www.chess.com"]

[Event "Titled Tuesday Blitz December 13 Late 2022"]
[White "Di Berardino, Diego Rafael"]
[Black "Kazakouski, Valery"]
[WhiteFideId "2105446"]
[BlackFideId "13507443"]
[WhiteElo "2441"]
[BlackElo "2516"]
[Result "0-1"]
[Round "11"]
[TimeControl "180+1"]
[Date "2022.12.13"]
[WhiteClock "0:00:11"]
[BlackClock "0:00:42"]

1. e4 e5 2. Nf3 Nc6 3. Bc4 Nf6 4. Ng5 d5 5. exd5 Na5 6. Bb5+ c6 7. dxc6 bxc6 8. Bd3 Ng4 9. Nf3 Bc5 10. O-O f5 11. b4 Bxb4 12. h3 Nf6 13. Nxe5 Qd4 14. Nc3 Bxc3 15. dxc3 Qxe5 16. Re1 Ne4 17. f3 O-O 18. fxe4 f4 19. Qf3 Be6 20. Rb1 Rf6 21. c4 Raf8 22. Bb2 Qc5+ 23. Kh1 Rg6 24. e5 Rg3 25. Qe4 g6 26. Qd4 Qe7 27. Qd6 Qf7 28. Ba3 Re8 29. Be4 f3 30. Rf1 Nxc4 31. Qxc6 Nd2 32. Rb7 Nxe4 33. Rxf7 fxg2+ 34. Kg1 gxf1=Q+ 35. Kxf1 Bxf7 36. Qxe4 Rxa3 37. h4 Ra5 38. Qf4 Raxe5 39. Qf6 Rf5+ 0-1


[Site "https://www.chess.com"]

[Event "Titled Tuesday Blitz December 13 Late 2022"]
[White "Domingo Nunez, Ruben"]
[Black "Musovic, Armin"]
[WhiteFideId "22245570"]
[BlackFideId "939935"]
[WhiteElo "2406"]
[BlackElo "2288"]
[Result "0-1"]
[Round "11"]
[TimeControl "180+1"]
[Date "2022.12.13"]
[WhiteClock "0:00:15"]
[BlackClock "0:00:23"]

1. b3 Nf6 2. Bb2 d5 3. Nf3 Bg4 4. e3 Bh5 5. Be2 e6 6. O-O Bd6 7. c4 c6 8. Nc3 Bc7 9. Rc1 O-O 10. d4 Re8 11. h3 Nbd7 12. Re1 Rc8 13. Qc2 Bb8 14. Rcd1 Qc7 15. g3 Bg6 16. Bd3 Bh5 17. Be2 Bg6 18. Qc1 a6 19. a4 Ne4 20. Nxe4 Bxe4 21. Ng5 Bf5 22. g4 Qh2+ 23. Kf1 Be4 24. Bf3 Nf6 25. Ke2 Bg3 26. Rf1 Bh4 27. Nxe4 dxe4 28. Bh1 Qxh3 29. Rg1 Rcd8 30. g5 Ng4 31. Bxe4 Nxf2 32. Bf3 Nxd1 33. Qxd1 e5 34. d5 cxd5 35. Bxd5 Qh2+ 36. Rg2 Qxg2+ 37. Bxg2 Rxd1 38. Kxd1 Re7 39. Ba3 Rd7+ 40. Ke2 Bxg5 41. c5 Be7 42. b4 Rc7 43. Bb2 f6 44. Bd5+ Kf8 45. Kd3 a5 46. bxa5 Rxc5 47. Bxb7 Rxa5 48. Bc6 h5 49. Bc3 Ra7 50. a5 h4 51. a6 Rxa6 0-1


[Site "https://www.chess.com"]

[Event "Titled Tuesday Blitz December 13 Late 2022"]
[White "Espinosa, Pedro"]
[Black "Curtis, John"]
[WhiteFideId "30921066"]
[BlackFideId "3200256"]
[WhiteElo "2016"]
[BlackElo "2203"]
[Result "1-0"]
[Round "11"]
[TimeControl "180+1"]
[Date "2022.12.14"]
[WhiteClock "0:01:28"]
[BlackClock "0:00:06"]

1. d4 Nf6 2. Nc3 d5 3. Bf4 e6 4. Nb5 Bd6 5. Nxd6+ cxd6 6. e3 Nc6 7. Nf3 Qc7 8. Be2 h6 9. O-O e5 10. dxe5 dxe5 11. Bg3 O-O 12. c4 Be6 13. cxd5 Bxd5 14. a3 Rad8 15. Qa4 Rfe8 16. Rac1 Qe7 17. h3 a6 18. Bh4 Bxf3 19. Bxf3 e4 20. Be2 Rd2 21. Bxa6 Ra8 22. Rxc6 bxc6 23. Qxc6 Rb8 24. b4 Ra2 25. Bg3 Rd8 26. Qc3 Qe6 27. Bc4 Qc6 28. Bxf7+ Kxf7 29. Qxc6 Rdd2 30. Be5 Nd5 31. Qd7+ Kg6 32. Qxg7+ Kf5 33. Bg3 1-0


[Site "https://www.chess.com"]

[Event "Titled Tuesday Blitz December 13 Late 2022"]
[White "Estrada Nieto, Julian"]
[Black "Szyszylo, Rafal"]
[WhiteFideId "5101018"]
[BlackFideId "1109626"]
[WhiteElo "2195"]
[BlackElo "1981"]
[Result "1-0"]
[Round "11"]
[TimeControl "180+1"]
[Date "2022.12.14"]
[WhiteClock "0:00:59"]
[BlackClock "0:00:05"]

1. Nf3 d6 2. e4 g6 3. Nc3 Nf6 4. d4 Bg7 5. Be2 O-O 6. O-O Nc6 7. h3 e5 8. dxe5 Nxe5 9. Nxe5 dxe5 10. Be3 Be6 11. Qc1 c6 12. Bh6 b5 13. Bxg7 Kxg7 14. a3 a5 15. Rd1 Qc7 16. Qe3 Rfd8 17. Qc5 Rxd1+ 18. Rxd1 Ra7 19. Rd6 Nd7 20. Qxc6 b4 21. Nd5 Bxd5 22. exd5 bxa3 23. bxa3 Kf8 24. Bb5 Nb8 25. Qe8+ Kg7 26. Qxe5+ f6 27. Qxf6+ Kg8 28. Rd8+ Qxd8 29. Qxd8+ Kf7 30. Qxb8 Re7 31. d6 Re1+ 32. Kh2 Rd1 33. Bc4+ Kf6 34. Qf8+ Ke5 35. Qe7+ Kd4 36. d7 Kxc4 37. d8=Q Rxd8 38. Qxd8 1-0


[Site "https://www.chess.com"]

[Event "Titled Tuesday Blitz December 13 Late 2022"]
[White "Fernandez Garcia, Gumersindo"]
[Black "Pace, Christopher"]
[WhiteFideId "24516740"]
[BlackFideId "2610167"]
[WhiteElo "2140"]
[BlackElo "2301"]
[Result "0-1"]
[Round "11"]
[TimeControl "180+1"]
[Date "2022.12.14"]
[WhiteClock "0:01:11"]
[BlackClock "0:00:07"]

1. f4 d5 2. Nf3 Nf6 3. e3 g6 4. b3 Bg7 5. Bb2 O-O 6. Be2 c5 7. O-O Nc6 8. a4 d4 9. Na3 Nd5 10. Qc1 f6 11. Bc4 Kh8 12. exd4 cxd4 13. Nxd4 Nxd4 14. Bxd4 Nxf4 15. Rxf4 e5 16. Bxe5 fxe5 17. Rxf8+ Qxf8 18. Qf1 Qd8 19. Rd1 Bf5 20. d3 a6 21. Nb1 b5 22. axb5 axb5 23. Bf7 Ra7 24. g4 Bxg4 25. Re1 Bf5 26. Bxg6 Bxg6 27. Nd2 Rf7 28. Qg2 Qd4+ 29. Kh1 Rd7 30. Nf3 Qd5 31. h4 Bh5 32. Rf1 Rf7 33. Ng5 Qxg2+ 34. Kxg2 Rxf1 35. Kxf1 Bf6 36. Ne4 Bxh4 37. Nd6 b4 38. Nc4 Bf6 39. Na5 Bd1 40. Nc6 Bxc2 41. Nxb4 Bxb3 42. Ke2 Be6 43. Nc6 h5 44. Kf3 Bd5+ 45. Kg3 Bxc6 46. d4 h4+ 47. Kh3 exd4 48. Kg4 Be4 49. Kf4 Bg6 50. Kf3 d3 51. Ke3 h3 52. Kd2 h2 53. Ke3 h1=Q 54. Kd2 Qg2+ 55. Ke3 Qe2+ 56. Kf4 Qe5+ 57. Kg4 Qf5+ 58. Kg3 Be5+ 59. Kh4 Qh5# 0-1


[Site "https://www.chess.com"]

[Event "Titled Tuesday Blitz December 13 Late 2022"]
[White "Figorito, Nick"]
[Black "Sukandar, Irine Kharisma"]
[WhiteFideId "30923689"]
[BlackFideId "7101937"]
[WhiteElo "2442"]
[BlackElo "2301"]
[Result "0-1"]
[Round "11"]
[TimeControl "180+1"]
[Date "2022.12.14"]
[WhiteClock "0:00:04"]
[BlackClock "0:00:33"]

1. Nf3 d5 2. g3 Nf6 3. Bg2 c5 4. O-O Nc6 5. d4 cxd4 6. Nxd4 Bd7 7. c4 dxc4 8. Nxc6 Bxc6 9. Bxc6+ bxc6 10. Qa4 Qd5 11. Nc3 Qe6 12. Bg5 Nd7 13. Rac1 Nb6 14. Qc2 g6 15. a4 Bg7 16. a5 Nd5 17. Na4 O-O 18. Qxc4 Qe5 19. Bd2 Rfd8 20. Bc3 Nxc3 21. Rxc3 Qxa5 22. Re3 Qb5 23. Qa2 e6 24. Rb3 Qxe2 25. Nc3 Qc4 26. Qa3 Rd2 27. Rb7 a5 28. Qe7 Rf8 29. Nd1 Bd4 30. Rc7 Qd5 31. Nc3 Qf3 32. Na4 Bxf2+ 0-1


[Site "https://www.chess.com"]

[Event "Titled Tuesday Blitz December 13 Late 2022"]
[White "Firouzja, Alireza"]
[Black "Deac, Bogdan-Daniel"]
[WhiteFideId "12573981"]
[BlackFideId "1226380"]
[WhiteElo "2904"]
[BlackElo "2649"]
[Result "0-1"]
[Round "11"]
[TimeControl "180+1"]
[Date "2022.12.13"]
[WhiteClock "0:00:03"]
[BlackClock "0:00:07"]

1. e4 e5 2. Nf3 Nc6 3. Bb5 Nf6 4. d3 Bc5 5. c3 O-O 6. Bg5 h6 7. Bh4 Be7 8. Bg3 d6 9. h3 a6 10. Ba4 Re8 11. O-O Bf8 12. Nbd2 Bd7 13. Re1 g6 14. d4 b5 15. Bb3 Bg7 16. Bh2 Rb8 17. a3 Nh7 18. dxe5 dxe5 19. Qe2 Be6 20. Bxe6 Rxe6 21. Nb3 Qe7 22. Nfd2 Rd6 23. a4 Ng5 24. axb5 axb5 25. Bg3 Ne6 26. Nf3 h5 27. Qe3 b4 28. Nbd2 Rbd8 29. Qe2 Rd3 30. c4 Qd7 31. Nf1 Rb3 32. Ra2 Ned4 33. Nxd4 Nxd4 34. Qd2 Qc6 35. Qg5 Bf6 36. Qh6 Qxc4 37. Ne3 Rxe3 38. fxe3 Ne2+ 39. Rxe2 Qxe2 40. Kh2 Bg7 41. Qg5 Rd2 42. Bh4 Kh7 43. Qg3 Bh6 44. Bg5 Bg7 45. Ra7 f6 46. Bh4 Rc2 47. Rb7 b3 48. Rxb3 Rxb2 49. Rxb2 Qxb2 50. Qf3 Qb6 51. g4 hxg4 52. hxg4 c5 53. g5 fxg5 54. Bxg5 Qe6 55. Qd1 c4 56. Qd5 Qg4 57. Be7 Qe2+ 58. Kh1 Qf1+ 59. Kh2 c3 60. Qc6 Qe2+ 61. Kh3 c2 62. Ba3 Qxe3+ 63. Kg4 Qxa3 64. Qxc2 Qe3 65. Qh2+ Qh6 66. Qc2 Qf4+ 67. Kh3 Qf3+ 68. Kh2 Bf6 69. Kg1 Bg5 70. Qh2+ Kg8 71. Qa2+ Kg7 72. Kh2 Bf4+ 73. Kg1 Be3+ 74. Kh2 Qf2+ 75. Kh1 Qf1+ 76. Kh2 Qf2+ 77. Kh1 Qg1# 0-1


[Site "https://www.chess.com"]

[Event "Titled Tuesday Blitz December 13 Late 2022"]
[White "Gerbelli Neto, Eduardo"]
[Black "Mitrovic, Darko R"]
[WhiteFideId "2103281"]
[BlackFideId "927023"]
[WhiteElo "2178"]
[BlackElo "2150"]
[Result "1-0"]
[Round "11"]
[TimeControl "180+1"]
[Date "2022.12.14"]
[WhiteClock "0:00:50"]
[BlackClock "0:00:02"]

1. e4 e6 2. d4 d5 3. Nc3 Bb4 4. Ne2 Nf6 5. e5 Ne4 6. a3 Nxc3 7. bxc3 Be7 8. Ng3 b6 9. Bd3 Ba6 10. h4 Bxd3 11. cxd3 Nc6 12. h5 Qd7 13. Qg4 Rg8 14. h6 g6 15. Nh5 O-O-O 16. Nf6 Bxf6 17. exf6 e5 18. Qxd7+ Kxd7 19. dxe5 Nxe5 20. d4 Nc4 21. Bf4 Rge8+ 22. Kf1 Re4 23. g3 Rde8 24. Kg2 R8e6 25. Bg5 Re2 26. Rhc1 a5 27. Kf3 a4 28. Be3 Rb2 29. Bg5 Rb3 30. Kg4 b5 31. Re1 Rxa3 32. Rac1 1-0


[Site "https://www.chess.com"]

[Event "Titled Tuesday Blitz December 13 Late 2022"]
[White "Goryachkina, Aleksandra"]
[Black "Winterberg, Lukas"]
[WhiteFideId "4147103"]
[BlackFideId "24622702"]
[WhiteElo "2484"]
[BlackElo "2350"]
[Result "1/2-1/2"]
[Round "11"]
[TimeControl "180+1"]
[Date "2022.12.13"]
[WhiteClock "0:01:19"]
[BlackClock "0:01:32"]

1. e4 e6 2. d4 d5 3. Nc3 Nf6 4. Bg5 h6 5. Bxf6 Qxf6 6. exd5 Bb4 7. dxe6 Bxe6 8. Nf3 Nc6 9. Bb5 O-O 10. Bxc6 bxc6 11. O-O Rfd8 12. a3 Bf8 13. Ne4 Qf4 14. Ng3 c5 15. c3 Bd5 16. Qd2 Qxd2 17. Nxd2 cxd4 18. cxd4 c5 19. dxc5 Bxc5 20. Rfd1 a5 21. Nf5 Be6 22. Ne3 Rab8 23. b4 axb4 24. axb4 Bxb4 25. Nf3 g6 26. h3 Kg7 27. Rab1 Be7 28. Rxb8 Rxb8 29. Nd4 Rb6 1/2-1/2


[Site "https://www.chess.com"]

[Event "Titled Tuesday Blitz December 13 Late 2022"]
[White "Gritsenko, Nikolai"]
[Black "Kupervaser, Erez"]
[WhiteFideId "14112493"]
[BlackFideId "2814587"]
[WhiteElo "2389"]
[BlackElo "2251"]
[Result "0-1"]
[Round "11"]
[TimeControl "180+1"]
[Date "2022.12.13"]
[WhiteClock "0:00:06"]
[BlackClock "0:00:13"]

1. b3 a5 2. Nc3 d5 3. e3 e5 4. Nf3 Bd6 5. Nb5 Nf6 6. Bb2 Nc6 7. Nxd6+ cxd6 8. a3 O-O 9. Be2 d4 10. exd4 e4 11. Ng1 d5 12. a4 Bf5 13. c3 Ne7 14. g4 Be6 15. h3 Ng6 16. Qc2 Bd7 17. g5 Ne8 18. h4 Nd6 19. c4 Be6 20. c5 Nf5 21. h5 Nf4 22. g6 fxg6 23. hxg6 Nxg6 24. O-O-O b6 25. Bb5 Rc8 26. Ne2 Nd6 27. Rdf1 Bd7 28. Bxd7 Qxd7 29. Kb1 bxc5 30. dxc5 Nb7 31. Bd4 Rf3 32. Ng1 Rd3 33. Ne2 Nd8 34. Rc1 Ne6 35. Qb2 Qf7 36. c6 Rb8 37. Rc3 Qf3 38. Ka2 Qxe2 39. Rxd3 Qxd3 40. Bc3 d4 41. Bxa5 Rc8 42. Rc1 Qa6 43. b4 Ne5 44. Qb3 Kf7 45. Re1 Qxc6 46. b5 Qc2+ 47. Qxc2 Rxc2+ 48. Kb3 d3 49. Rxe4 Nc5+ 50. Kb4 Nxe4 51. Bb6 Nd7 52. a5 Nxb6 53. axb6 Rc8 54. f3 Nd6 55. b7 Rb8 56. Kc5 Ke7 57. Kd4 Rxb7 58. Kxd3 Rxb5 0-1


[Site "https://www.chess.com"]

[Event "Titled Tuesday Blitz December 13 Late 2022"]
[White "Gutkin, Ilya"]
[Black "Arkell, Keith C"]
[WhiteFideId "16203470"]
[BlackFideId "400270"]
[WhiteElo "2265"]
[BlackElo "2356"]
[Result "1-0"]
[Round "11"]
[TimeControl "180+1"]
[Date "2022.12.13"]
[WhiteClock "0:00:04"]
[BlackClock "0:00:02"]

1. Nf3 Nf6 2. g3 b5 3. Bg2 Bb7 4. Na3 a6 5. c4 e6 6. b3 Bc6 7. O-O Be7 8. d4 O-O 9. Re1 Re8 10. Qc2 Be4 11. Qd1 c6 12. Nb1 d5 13. Nc3 Nbd7 14. Nxe4 Nxe4 15. Nd2 Nxd2 16. Qxd2 Nf6 17. cxd5 cxd5 18. Bb2 b4 19. Rec1 Qb6 20. Rc2 Ne4 21. Bxe4 dxe4 22. Rac1 Bf6 23. Rc6 Qb5 24. R1c5 Qb7 25. Rc7 Qb6 26. R5c6 Qb5 27. d5 exd5 28. Bxf6 gxf6 29. Rxf6 e3 30. fxe3 Rf8 31. Qc2 Rae8 32. Rh6 Re4 33. Rc5 Qe8 34. Rxd5 Qe7 35. Rdh5 f5 36. Qc6 Rd8 37. Kf2 1-0


[Site "https://www.chess.com"]